 Dungeon Crawl Stone Soup version 0.18-a0-1745-gffa9a88 (webtiles) character file.

273819 4thArraOfDagon the Executioner (level 19, -25/161 HPs)
             Began as a Hill Orc Berserker on Apr 10, 2016.
             Was a Follower of Ashenzari.
             Annihilated by a hill giant
             ... wielding a +0 giant club
             ... created by the rage of Trog
              (40 damage)
             ... on level 3 of the Vaults on Apr 11, 2016.
             The game lasted 01:43:03 (15767 turns).

4thArraOfDagon the Executioner (HOBe)              Turns: 15767, Time: 01:43:03

Health: -25/161    AC: 38    Str: 28      XL:     19   Next: 82%
Magic:  25/25      EV:  6    Int:  8 (9)  God:    Ashenzari [*.....]
Gold:   953        SH:  6    Dex: 13      Spells: 6 memorised, 11 levels left

rFire  . . .     SeeInvis .     Q - +1 executioner's axe (vamp) (curse)
rCold  + . .     Gourm    .     W - +4 crystal plate armour
rNeg   + . .     Faith    .     (shield currently unavailable)
rPois  +         Spirit   .     p - +1 helmet of Dithmenos's Pride {rN+} (curse)
rElec  +         Dismiss  .     T - +0 cloak
rCorr  .         Reflect  +     C - +0 pair of gloves of the Storm King {*Drain rElec rPois Dex+3} (curse)
SustAt .         Harm     .     X - +2 pair of boots {run} (curse)
MR     +....                    q - +6 amulet of reflection
Stlth  ..........               e - ring "Tazxyos" {rC+ AC+4}
                                u - ring "Qurph" {+Fly rPois Int+4 Slay+3} (curse)

@: about to teleport, quick, somewhat resistant to hostile enchantments,
extremely unstealthy
A: claws 1, talons 1, molten scales 2, deformed body, dopey 1, frail 1, subdued
magic 1
a: Curse Item, Scrying, Renounce Religion, Evoke Flight
}: 3/15 runes: decaying, slimy, gossamer


You were on level 3 of the Vaults.
You worshipped Ashenzari.
Ashenzari was aware of your devotion.
You were not hungry.

You visited 8 branches of the dungeon, and saw 43 of its levels.
You also visited: Labyrinth and Bailey.

You collected 2819 gold pieces.
You spent 1866 gold pieces at shops.

Inventory:

Hand Weapons
 E - a +8 broad axe of venom
 Q - a cursed +1 vampiric executioner's axe (weapon)
Armour
 b - the +3 hat of Pondering {ponderous, MR+ MP+10 Int+5}
   (You bought it in a shop on level 2 of the Orcish Mines)

   It affects your intelligence (+5).
   It affects your resistance to hostile enchantments.
   It affects your magic capacity (+10).
 p - the cursed +1 helmet of Dithmenos's Pride (worn) {rN+}
   (You found it on level 8 of the Dungeon)

   It protects you from negative energy.
   It has a curse placed upon it.
 C - the cursed +0 pair of gloves of the Storm King (worn) {*Drain rElec rPois Dex+3}
   (You found it on level 14 of the Dungeon)

   It affects your dexterity (+3).
   It insulates you from electricity.
   It protects you from poison.
   It causes draining when unequipped.
   It has a curse placed upon it.
 S - the +0 shield of Uttel {rC+ Str+8 Int-5}
   (You found it in a bailey)

   It affects your strength (+8).
   It affects your intelligence (-5).
   It protects you from cold.
 T - a +0 cloak (worn)
 U - a +1 ice dragon armour
 W - a +4 crystal plate armour (worn)
 X - a cursed +2 pair of boots of running (worn)
Rods
 o - a +5 lightning rod (9/9)
   (You found it in a labyrinth)
Jewellery
 e - the ring "Tazxyos" (right hand) {rC+ AC+4}
   (You bought it in a shop on level 1 of the Vaults)

   [ring of protection]

   It affects your AC (+4).
   It protects you from cold.
 q - a +6 amulet of reflection (around neck)
 u - the cursed ring "Qurph" (left hand) {+Fly rPois Int+4 Slay+3}
   (You found it in a labyrinth)

   [ring of poison resistance]

   It affects your intelligence (+4).
   It affects your accuracy and damage with ranged weapons and melee attacks
   (+3).
   It protects you from poison.
   It lets you fly.
   It has a curse placed upon it.
 v - an uncursed ring of positive energy
 w - the amulet of Symoumea {Inacc rC+ rN+ Int+4}
   (You found it on level 2 of the Vaults)

   [amulet of inaccuracy]

   It reduces the accuracy of all your attacks.
   It affects your intelligence (+4).
   It protects you from cold.
   It protects you from negative energy.
 J - an uncursed ring of ice
 M - an uncursed ring of fire
Wands
 d - a wand of enslavement (14/24)
 n - a wand of paralysis (21/24)
 r - a wand of iceblast (2/15)
 s - a wand of acid (6/15)
 A - a wand of disintegration (17/24)
 K - a wand of digging (10/24)
 V - a wand of teleportation (3/9)
Scrolls
 a - 4 scrolls of recharging
 g - a scroll of remove curse
 h - a scroll of silence {unknown}
 k - 3 scrolls of fog
 z - 2 scrolls of blinking
Potions
 f - 10 potions of curing
 i - 5 potions of agility
 j - 2 potions of beneficial mutation
 l - a potion of resistance
 x - 3 potions of cancellation
 G - 3 potions of invisibility
 H - 3 potions of heal wounds
 I - 2 potions of haste
 L - 8 potions of ambrosia
 P - 2 potions of brilliance
 Y - 2 potions of might
Miscellaneous
 t - a lamp of fire
 y - a plain deck of destruction {drawn: 2}
 F - a phial of floods
 N - a plain deck of destruction {drawn: 3}
 O - an ornate deck of changes {the Mercenary}
Comestibles
 c - 6 bread rations
 m - 8 meat rations
 D - 3 chunks of flesh
 Z - a slice of pizza


   Skills:
 + Level 18.1 Fighting
 * Level 25.0 Axes
 + Level 16.2 Armour
 - Level 1.5 Dodging
 - Level 15.3 Shields
 + Level 2.7 Spellcasting
 * Level 4.7 Translocations
 - Level 8.0 Evocations


You had 11 spell levels left.
You knew the following spells:

 Your Spells              Type           Power        Failure   Level  Hunger
a - Repel Missiles        Chrm/Air       #.....       100%        2    ###....
b - Apportation           Tloc           #.........   83%         1    ##.....
c - Song of Slaying       Chrm           #.......     100%        2    ###....
d - Swiftness             Chrm/Air       #.......     100%        2    ###....
e - Blink                 Tloc           N/A          95%         2    ###....
f - Spectral Weapon       Hex/Chrm       #.......     100%        3    ####...


Dungeon Overview and Level Annotations

Branches:
Dungeon (15/15)            Temple (1/1) D:7            Lair (8/8) D:10
  Swamp (4/4) Lair:4       Spider (4/4) Lair:6        Slime (6/6) Lair:6
    Orc (2/2) D:11            Elf (0/3) Orc:2        Vaults (3/5) D:13
  Crypt: Vaults:2-3  Depths: D:15

Altars:
Ashenzari
Cheibriados
Dithmenos
Elyvilon
Fedhas
Kikubaaqudgha
Nemelex Xobeh
Okawaru
Pakellas
Qazlal
Ru
Sif Muna
Trog
Vehumet
Xom
Yredelemnul
Zin
The Shining One
Jiyva

Shops:
D:9 !   D:11 %   Orc:1 =   Orc:2 [*(=   Vaults:1 =

Annotations:
D:1 1 exclusion
D:8 Prince Ribbit
D:12 Uberwunderbarhen's ghost, journeyman OpTm
D:13 VATLS
Lair:3 exclusion: oklob plant
Lair:5 exclusion: 5 oklob plants
Swamp:3 realXiberia's ghost, adept DsWn
Spider:3 exclusion: orange crystal statue


Innate Abilities, Weirdness & Mutations

You have sharp fingernails.
You have sharp toenails.
You are mostly covered in molten scales (AC +3, EV -1).
Armour fits poorly on your strangely shaped body.
You are dopey. (Int -2)
You are frail (-10% HP).
Your spells are a little easier to cast, but a little less powerful.


Message History

As you read the scroll of teleportation, it crumbles to dust.
You feel strangely unstable.
You feel yourself speed up. The polar bear bites you.
The polar bear claws you but does no damage. x2
The black bear bites you but does no damage.
You block the black bear's attack.
The black bear claws you but does no damage.
The hill giant hits you but does no damage.
The hill giant hits you with a giant club!
The polar bear bites you but does no damage.
The polar bear claws you but does no damage.
You block the polar bear's attack.
The black bear bites you but does no damage.
The black bear claws you but does no damage. x2
The stone giant throws a large rock.
The large rock hits you!!!
* * * LOW HITPOINT WARNING * * *
The great orb of eyes barely misses you.
The hill giant hits you with a giant club!!!
You die...

##+###########
#.....C......#
#.....C......#
#.....C@h....#
#.....h.G....#
#............#
#............#
#+############


You could see a stone giant, a great orb of eyes, 2 hill giants, a polar bear
(berserk) and a black bear (berserk).

Vanquished Creatures
  Asterion (Vaults:2)
  12 acid blobs
  The ghost of incide the Peltast, an adept DsGl of Gozag (Spider:4)
  Gastronok (Lair:1)
  3 thorn hunters (Swamp:4)
  10 azure jellies
  2 ghost moths (Spider:4)
  8 vault wardens
  Donald (Spider:4)
  8 emperor scorpions
  2 orc warlords (Orc:2)
  A war gargoyle (Vaults:2)
  3 ironheart preservers
  4 stone giants (Vaults:2)
  Nessos (Orc:2)
  A spark wasp (Spider:3)
  Snorg (Orc:1)
  2 death oozes (Slime:6)
  7 vault guards
  A minotaur (Lab)
  Josephine (Swamp:1)
  5 great orbs of eyes
  Fannar (Orc:1)
  A yaktaur captain (Vaults:2)
  16 hydras
  A ghost crab (Swamp:3)
  A fire dragon (Vaults:2)
  3 entropy weavers
  Erolcha (D:8)
  4 centaur warriors
  4 ogre magi
  2 alligators
  2 death knights
  A deep troll earth mage (Vaults:1)
  A tengu warrior (D:13)
  A spriggan berserker (Swamp:4)
  3 orc high priests (Orc:2)
  A storm dragon zombie (Vaults:2)
  2 deep elf knights
  3 spriggan druids
  A giant orange brain (Vaults:2)
  6 ironbrand convokers
  An unseen horror (Spider:4)
  4 deep trolls (Vaults:1)
  A harpy (shapeshifter) (Vaults:2)
  7 swamp dragons
  4 shambling mangroves
  A necromancer (Vaults:2)
  8 orc knights
  7 hill giants
  8 orb spiders
  24 wolf spiders
  7 deep elf magi
  A deep elf archer (Vaults:2)
  2 manticores
  A stone giant zombie (Vaults:2)
  5 cyclopes
  2 ugly things
  4 griffons
  2 orc sorcerers (Orc:2)
  4 shining eyes
  3 hornets
  A moth of wrath (Spider:3)
  3 vault sentinels
  4 eyes of devastation
  18 elephants
  3 black mambas
  10 spiny frogs
  A kobold demonologist (Vaults:1)
  7 komodo dragons
  14 yaktaurs
  A freezing wraith (Vaults:2)
  3 rime drakes
  5 demonic crawlers
  19 jumping spiders
  4 trolls
  8 polar bears (Lair:8)
  6 giant leeches
  2 raiju (Lair:8)
  73 slime creatures
  2 two-headed ogres (Vaults:1)
  Grinder (D:3)
  A boulder beetle (Spider:3)
  10 bog bodies
  21 blink frogs
  A shadow (Swamp:3)
  7 spriggans
  4 wyverns
  46 redbacks
  24 tarantellas
  Eustachio (D:6)
  6 wraiths
  55 yaks
  6 hippogriffs
  A basilisk (D:14)
  A golden eye (Slime:2)
  3 hungry ghosts
  A human simulacrum (Vaults:2)
  24 vampire mosquitoes
  14 wargs
  5 insubstantial wisps (Swamp:3)
  A soldier ant (D:9)
  6 hell hounds (Lair:8)
  2 mottled dragons
  18 swamp worms
  10 water moccasins
  4 porcupines
  6 swamp drakes
  3 ice beasts
  34 orc warriors
  14 black bears
  2 necrophages
  2 sky beasts
  12 wasps
  3 eyes of draining
  18 ogres
  32 wolves
  5 centaurs
  8 crocodiles
  A big kobold (D:12)
  13 giant frogs
  A wyvern zombie (D:14)
  A boulder beetle zombie (Vaults:2)
  7 scorpions
  5 wights (D:10)
  An electric eel (Lair:4)
  9 howler monkeys
  4 crimson imps
  4 centaur zombies
  A quasit (D:9)
  9 orc priests
  12 hounds
  23 jellies
  A giant frog skeleton (D:12)
  16 orc wizards
  2 centaur skeletons
  8 iguanas
  Natasha (D:3)
  13 worker ants
  A boulder beetle simulacrum (Vaults:2)
  14 sheep
  2 hound zombies
  A hound skeleton (D:5)
  2 worker ant zombies
  6 adders
  26 river rats
  A shadow imp (D:5)
  5 oozes
  An adder zombie (D:6)
  An adder skeleton (D:5)
  A worm (D:2)
  A dart slug (D:2)
  3 giant geckos
  80 orcs
  A ball python (D:2)
  3 bats
  6 giant cockroaches
  12 goblins
  4 hobgoblins
  9 jackals
  2 quokkas
  7 giant newts
  4 kobolds
  3 rats
  A bush (Lair:8)
  4 fungi
  2 plants (Lair:8)
1158 creatures vanquished.

Vanquished Creatures (collateral kills)
  the Royal Jelly (Slime:6)
  2 acid blobs (Slime:6)
  The ghost of dobroeutro the Peltast, an adept GrFi of the Shining One (Swamp:1)
  Maud (Orc:1)
  An emperor scorpion (Spider:4)
  A death ooze (Slime:6)
  2 hydras (Lair:8)
  6 death yaks (Lair:8)
  A swamp dragon (Swamp:1)
  An orc knight (Bailey)
  2 wolf spiders (Spider:4)
  5 orb spiders
  A moth of wrath (Spider:4)
  3 elephants (Lair:8)
  2 jumping spiders
  A tarantella (Spider:4)
  4 redbacks
  A warg (Orc:1)
  2 orc warriors (Bailey)
  2 orc priests (Orc:1)
  3 hounds (Lair:8)
  An orc (Orc:2)
  4 jackals (Lair:8)
  A plant (Lair:8)
49 creatures vanquished.

Vanquished Creatures (others)
  A yaktaur (Vaults:2)
  An orc warrior (Bailey)
  A spriggan (Swamp:4)
  A redback (Vaults:2)
  2 briar patches (Swamp:4)
  25 fungi
  13 plants
44 creatures vanquished.

Grand Total: 1251 creatures vanquished

Notes
Turn   | Place    | Note
--------------------------------------------------------------
     0 | D:1      | 4thArraOfDagon the Hill Orc Berserker began the quest for the Orb.
     0 | D:1      | Reached XP level 1. HP: 19/19 MP: 1/1
   122 | D:1      | WTF
   140 | D:2      | Reached XP level 2. HP: 27/27 MP: 2/2
   150 | D:2      | Reached XP level 3. HP: 15/33 MP: 3/3
   210 | D:4      | Reached skill level 5 in Axes
   289 | D:3      | Noticed Natasha
   293 | D:3      | Killed Natasha
   293 | D:3      | Reached XP level 4. HP: 41/41 MP: 4/4
   369 | D:5      | Entered Level 5 of the Dungeon
   379 | D:5      | Noticed a sky beast
   384 | D:5      | Killed a sky beast
   384 | D:5      | Reached skill level 6 in Axes
   384 | D:5      | Reached XP level 5. HP: 47/47 MP: 5/5
   433 | D:5      | Reached skill level 5 in Fighting
   442 | D:5      | Reached XP level 6. HP: 49/56 MP: 6/6
   504 | D:6      | Found a sparkling altar of Nemelex Xobeh.
   533 | D:6      | Reached ** piety under Trog
   533 | D:6      | Reached skill level 7 in Axes
   647 | D:6      | Noticed an orc warrior
   663 | D:6      | Killed an orc warrior
   663 | D:6      | Reached XP level 7. HP: 61/61 MP: 7/7
   703 | D:7      | Found a staircase to the Ecumenical Temple.
   766 | D:8      | Reached skill level 8 in Axes
   773 | D:8      | Noticed Erolcha
   793 | D:8      | Killed Erolcha
   793 | D:8      | Reached skill level 9 in Axes
   793 | D:8      | Reached skill level 5 in Armour
   793 | D:8      | Reached XP level 8. HP: 49/73 MP: 8/8
   866 | D:8      | Found a shimmering altar of Xom.
   876 | D:8      | Found a blossoming altar of Fedhas.
   888 | D:8      | Found a deep blue altar of Sif Muna.
   895 | D:8      | Found a blossoming altar of Fedhas.
   896 | D:8      | Found a glowing silver altar of Zin.
   898 | D:8      | Got a steaming helmet
   905 | D:8      | Identified the +1 helmet of Dithmenos's Pride {rN+} (You found it on level 8 of the Dungeon)
   905 | D:8      | :(
   914 | D:8      | Noticed Prince Ribbit
   964 | D:6      | Reached skill level 10 in Axes
  1085 | D:7      | Gained mutation: You are partially covered in yellow scales (AC +2). [mutagenic meat]
  1086 | D:7      | Gained mutation: Armour fits poorly on your strangely shaped body. [mutagenic meat]
  1087 | D:7      | Gained mutation: You are partially covered in molten scales (AC +1). [mutagenic meat]
  1089 | D:7      | Gained mutation: You are agile. (Dex +2) [mutagenic meat]
  1090 | D:7      | :(
  1143 | D:9      | Reached XP level 9. HP: 81/81 MP: 9/9
  1145 | D:9      | Reached skill level 11 in Axes
  1215 | D:9      | Found Pullac's Distillery.
  1220 | D:9      | Bought a potion of heal wounds for 70 gold pieces
  1220 | D:9      | Bought a potion of mutation for 35 gold pieces
  1220 | D:9      | Bought a potion of lignification for 42 gold pieces
  1220 | D:9      | Gained mutation: Your system is resistant to poisons. [potion of mutation]
  1220 | D:9      | Lost mutation: You are agile. (Dex +2) [potion of mutation]
  1455 | D:10     | Entered Level 10 of the Dungeon
  1463 | D:10     | Found a staircase to the Lair.
  1571 | D:10     | Reached skill level 12 in Axes
  1824 | D:11     | Reached XP level 10. HP: 87/91 MP: 10/10
  1866 | D:11     | Noticed a hill giant
  1876 | D:11     | Killed a hill giant
  1876 | D:11     | Reached skill level 13 in Axes
  1929 | D:11     | Identified the Incunabulum of Lucky Displacement
  1939 | D:11     | Noticed a hill giant
  1949 | D:11     | Killed a hill giant
  2011 | D:11     | Reached *** piety under Trog
  2014 | D:11     | Found Puoxtyar's Food Shoppe.
  2095 | D:12     | Reached skill level 10 in Fighting
  2171 | D:12     | Reached skill level 14 in Axes
  2218 | D:12     | Noticed Uberwunderbarhen's ghost (journeyman OpTm)
  2332 | D:12     | Noticed a kobold demonologist
  2346 | D:12     | Noticed an orange demon
  2444 | D:12     | Noticed a hill giant
  2459 | D:12     | Killed a hill giant
  2459 | D:12     | Reached XP level 11. HP: 18/100 MP: 11/11
  2665 | D:14     | Reached skill level 15 in Axes
  2681 | D:14     | Noticed a hill giant
  2682 | D:14     | Got a pair of distressingly furry gloves
  2694 | D:14     | Killed a hill giant
  2719 | D:14     | Identified the +0 pair of gloves of the Storm King {*Drain rElec rPois Dex+3} (You found it on level 14 of the Dungeon)
  2825 | D:14     | Noticed a deep elf mage
  2835 | D:14     | Noticed a soul eater
  2841 | D:14     | Killed a deep elf mage
  2868 | D:14     | Found a labyrinth entrance.
  2880 | Lab      | Entered a labyrinth
  3003 | Lab      | WTF
  3336 | Lab      | WTf
  3368 | Lab      | EXTREMLY BAd
  3592 | Lab      | Noticed a minotaur
  3617 | Lab      | Killed a minotaur
  3617 | Lab      | Reached skill level 10 in Armour
  3663 | Lab      | Got a transparent copper ring
  3663 | Lab      | Identified the Collected Works on Boosting Transmutation (You found it in a labyrinth)
  3665 | Lab      | Identified the ring "Qurph" {+Fly rPois Int+4 Slay+3} (You found it in a labyrinth)
  3669 | D:14     | I CAN LIVE WITH TAHTA
  3725 | D:15     | Entered Level 15 of the Dungeon
  3725 | D:15     | Noticed a death knight
  3775 | D:14     | Reached skill level 16 in Axes
  3878 | D:13     | Reached skill level 1 in Evocations
  3903 | D:13     | Noticed a cyclops
  3943 | D:13     | Killed a cyclops
  4006 | D:13     | Noticed a deep elf mage
  4020 | D:13     | Killed a deep elf mage
  4020 | D:13     | Reached XP level 12. HP: 93/112 MP: 13/13
  4240 | D:13     | Found a gate to the Vaults.
  4240 | D:13     | Noticed a centaur warrior
  4240 | D:13     | Noticed a vault guard
  4240 | D:13     | Noticed a vault guard
  4240 | D:13     | Noticed a vault guard
  4240 | D:13     | Noticed a vault guard
  4240 | D:13     | Noticed a tengu warrior
  4571 | D:9      | Reached skill level 17 in Axes
  4644 | D:9      | Got a bloodstained leather armour
  4671 | D:9      | Reached **** piety under Trog
  4909 | D:11     | Found a staircase to the Orcish Mines.
  4914 | Orc:1    | Entered Level 1 of the Orcish Mines
  4920 | Orc:1    | Found a flagged portal.
  4937 | Bailey   | Entered a bailey
  4946 | Bailey   | chance for
  4950 | Bailey   | gut
  4951 | Bailey   | ITANS
  5125 | Bailey   | Got a faintly glowing shield
  5145 | Bailey   | Identified the cursed +0 shield of Uttel {rC+ Str+8 Int-5} (You found it in a bailey)
  5217 | Orc:2    | Entered Level 2 of the Orcish Mines
  5251 | Orc:1    | Noticed Fannar
  5252 | Orc:1    | Found Paiga's Jewellery Boutique.
  5297 | Orc:1    | Killed Fannar
  5297 | Orc:1    | Reached skill level 1 in Shields
  5352 | Orc:1    | Noticed Maud
  5361 | Orc:1    | Killed Maud
  5370 | Orc:1    | Noticed Snorg
  5379 | Orc:1    | Killed Snorg
  5493 | Orc:2    | Noticed an orc warlord
  5519 | Orc:2    | Reached XP level 13. HP: 88/119 MP: 16/16
  5598 | Orc:2    | Reached skill level 5 in Evocations
  5648 | Orc:2    | Found Ceomyvisch's Antique Armour Shop.
  5673 | Orc:2    | Killed an orc warlord
  5673 | Orc:2    | Reached skill level 18 in Axes
  5690 | Orc:2    | Bought a pair of embroidered boots for 94 gold pieces
  5700 | Orc:2    | Identified a +0 pair of boots of running (You bought it in a shop on level 2 of the Orcish Mines)
  5723 | Orc:2    | Bought a polished chain mail for 199 gold pieces
  5732 | Orc:2    | Noticed an orc warlord
  5746 | Orc:2    | Reached ***** piety under Trog
  5753 | Orc:2    | Killed an orc warlord
  5753 | Orc:2    | Reached skill level 5 in Shields
  5834 | Orc:2    | Found Nyosaij's General Store.
  5845 | Orc:2    | Bought 2 potions of curing for 78 gold pieces
  5845 | Orc:2    | Bought a scroll of teleportation for 39 gold pieces
  5885 | Orc:2    | Found a staircase to the Elven Halls.
  5890 | Orc:2    | Found Xuwkapn's Antique Weapon Emporium.
  5894 | Orc:2    | Noticed Nessos
  5906 | Orc:2    | Killed Nessos
  5946 | Orc:2    | Found Ehemoar's Jewellery Shoppe.
  6128 | Orc:2    | Bought the +3 hat of Pondering {ponderous, MR+ MP+10 Int+5} for 359 gold pieces
  6239 | Lair:1   | Entered Level 1 of the Lair of Beasts
  6300 | Lair:1   | Noticed Gastronok
  6325 | Lair:1   | Killed Gastronok
  6344 | Lair:1   | You fall through a shaft!
  6413 | Lair:2   | Identified the +1 chain mail of Elitism {rF+ Int+2} (You bought it in a shop on level 2 of the Orcish Mines)
  6423 | Lair:2   | Identified the cursed +1 leather armour "Xixtiot" {rPois MR++} (You found it on level 9 of the Dungeon)
  6584 | Lair:4   | Reached XP level 14. HP: 129/129 MP: 18/18
  6740 | Lair:5   | Received a gift from Trog
  6749 | Lair:5   | Identified a scroll of acquirement
  6750 | Lair:5   | Got a spiked buckler
  6769 | Lair:5   | Identified the +0 buckler of Melancholy {Str+5} (You acquired it on level 5 of the Lair of Beasts)
  6850 | Lair:5   | Reached skill level 19 in Axes
  6963 | Lair:6   | Found a hole to the Spider Nest.
  7124 | Lair:8   | Entered Level 8 of the Lair of Beasts
  7154 | Lair:8   | Received a gift from Trog
  7376 | Lair:8   | Received a gift from Trog
  7569 | Lair:8   | Lost mutation: Armour fits poorly on your strangely shaped body. [potion of cure mutation]
  7569 | Lair:8   | Lost mutation: You are partially covered in yellow scales (AC +2). [potion of cure mutation]
  7569 | Lair:8   | Lost mutation: Your system is resistant to poisons. [potion of cure mutation]
  7629 | Lair:7   | Reached XP level 15. HP: 115/138 MP: 20/20
  7864 | Spider:1 | Entered Level 1 of the Spider Nest
  7892 | Spider:1 | Received a gift from Trog
  7899 | Spider:1 | Reached skill level 20 in Axes
  7916 | Spider:1 | Reached skill level 10 in Shields
  7925 | Spider:1 | Gained mutation: You have sharp fingernails. [potion of mutation]
  7925 | Spider:1 | Gained mutation: You are mostly covered in molten scales (AC +3, EV -1). [potion of mutation]
  8032 | Spider:1 | Gained mutation: You have sharp toenails. [potion of mutation]
  8032 | Spider:1 | Gained mutation: Armour fits poorly on your strangely shaped body. [potion of mutation]
  8033 | Spider:1 | :(
  8358 | Spider:3 | Noticed an emperor scorpion
  8372 | Spider:3 | Killed an emperor scorpion
  8382 | Spider:3 | Noticed an emperor scorpion
  8407 | Spider:3 | Killed an emperor scorpion
  8448 | Spider:3 | Received a gift from Trog
  8648 | Spider:4 | Entered Level 4 of the Spider Nest
  8653 | Spider:4 | Noticed an emperor scorpion
  8678 | Spider:4 | Killed an emperor scorpion
  8715 | Spider:4 | Reached skill level 15 in Fighting
  8720 | Spider:4 | Noticed incide's ghost (adept DsGl)
  8737 | Spider:4 | Reached XP level 16. HP: 118/149 MP: 22/22
  8738 | Spider:4 | Killed incide's ghost
  8743 | Spider:4 | Reached skill level 21 in Axes
  8947 | Spider:4 | Got a gossamer rune of Zot
  8994 | Spider:4 | Noticed Donald
  9011 | Spider:4 | Killed Donald
  9481 | Lair:4   | Found a staircase to the Swamp.
  9505 | Swamp:1  | Entered Level 1 of the Swamp
  9542 | Swamp:1  | Noticed Josephine
  9584 | Swamp:1  | Killed Josephine
  9691 | Swamp:1  | Noticed dobroeutro's ghost (adept GrFi)
  9705 | Swamp:1  | Killed dobroeutro's ghost
  9866 | Swamp:4  | Entered Level 4 of the Swamp
  9866 | Swamp:4  | Noticed a thorn hunter
  9907 | Swamp:3  | Noticed realXiberia's ghost (adept DsWn)
 10196 | Swamp:4  | Killed a thorn hunter
 10251 | Swamp:4  | Noticed a thorn hunter
 10268 | Swamp:4  | Killed a thorn hunter
 10268 | Swamp:4  | Reached skill level 22 in Axes
 10268 | Swamp:4  | Reached XP level 17. HP: 118/158 MP: 23/23
 10651 | Swamp:4  | Got a decaying rune of Zot
 11030 | Lair:6   | Found a staircase to the Slime Pits.
 11133 | Slime:1  | Entered Level 1 of the Pits of Slime
 11138 | Slime:1  | Received a gift from Trog
 11185 | Slime:2  | Noticed an acid blob
 11190 | Slime:2  | Gained mutation: You are frail (-10% HP). [a shining eye]
 11198 | Slime:1  | Killed an acid blob
 11226 | Slime:2  | Received a gift from Trog
 11268 | Slime:4  | Noticed an acid blob
 11279 | Slime:4  | Killed an acid blob
 11355 | Slime:5  | Noticed an acid blob
 11365 | Slime:5  | Killed an acid blob
 11404 | Slime:5  | ROTFL
 11444 | Slime:6  | Entered Level 6 of the Pits of Slime
 11470 | Slime:6  | Received a gift from Trog
 11524 | Slime:6  | Noticed an acid blob
 11566 | Slime:6  | Noticed an acid blob
 11588 | Slime:6  | Killed an acid blob
 11588 | Slime:6  | Reached skill level 23 in Axes
 11626 | Slime:6  | Noticed an acid blob
 11632 | Slime:5  | Killed an acid blob
 11632 | Slime:5  | Reached XP level 18. HP: 106/151 MP: 24/24
 11674 | Slime:6  | Noticed the Royal Jelly
 11690 | Slime:6  | Gained mutation: Your spells are a little easier to cast, but a little less powerful. [a shining eye]
 11701 | Slime:6  | Gained mutation: You are dopey. (Int -2) [a shining eye]
 11702 | Slime:6  | Reached skill level 15 in Armour
 11863 | Slime:5  | Reached skill level 15 in Shields
 11950 | Slime:6  | Found a viscous altar of Jiyva.
 12260 | Slime:6  | BAD
 12390 | Slime:6  | Killed the Royal Jelly
 12578 | Slime:6  | Identified the Guide on Sinister Feathers (You found it on level 6 of the Pits of Slime)
 12593 | Slime:6  | Got a slimy rune of Zot
 12636 | Slime:6  | Identified the Disquisition on Moulding and Poison (You found it on level 6 of the Pits of Slime)
 12805 | Lair:3   | Upgraded the game from 0.18-a0-1730-g73f0523 to 0.18-a0-1745-gffa9a88
 13166 | Temple   | Entered the Ecumenical Temple
 13401 | D:6      | Noticed Eustachio
 13404 | D:6      | Killed Eustachio
 13792 | D:3      | Noticed Grinder
 13797 | D:3      | Killed Grinder
 14055 | D:3      | :(
 14281 | Temple   | Fell from the grace of Trog
 14281 | Temple   | Became a worshipper of Ashenzari the Shackled
 14290 | Temple   | Learned a level 2 spell: Repel Missiles
 14292 | Temple   | Learned a level 1 spell: Apportation
 14295 | Temple   | Learned a level 2 spell: Song of Slaying
 14298 | Temple   | Learned a level 2 spell: Swiftness
 14301 | Temple   | Learned a level 2 spell: Blink
 14305 | Temple   | Learned a level 3 spell: Spectral Weapon
 14536 | D:13     | Reached skill level 24 in Axes
 14586 | Vaults:1 | Entered Level 1 of the Vaults
 14794 | Vaults:1 | Reached XP level 19. HP: 121/160 MP: 25/25
 14845 | Vaults:1 | Reached skill level 1 in Translocations
 15005 | Vaults:1 | Found Manihal's Jewellery Shoppe.
 15015 | Vaults:1 | Bought the ring "Tazxyos" {rC+ AC+4} for 950 gold pieces
 15074 | Vaults:1 | Reached skill level 1 in Spellcasting
 15239 | Vaults:2 | Noticed Asterion
 15241 | Vaults:2 | Identified the amulet of Symoumea {Inacc rC+ rN+ Int+4}
 15254 | Vaults:2 | Killed Asterion
 15487 | Vaults:2 | Reached * piety under Ashenzari
 15691 | Vaults:2 | Reached skill level 25 in Axes
 15767 | Vaults:3 | Annihilated by a hill giant

Vault maps used:
D:1:      dpeg_arrival_morbid_curiosity, hangedman_glass_teeth
D:2:      first_bread, guppyfry_early_orc_mine
D:3:      minmay_lizard_king, uniq_natasha, uniq_grinder
D:4:      lemuel_crystal_altar, fountainhead
D:5:      corexii_checkpoint_b
D:6:      basic_altar, uniq_eustachio
D:7:      minmay_temple_entry_trees
D:8:      due_megacathedral, gammafunk_temple_overflow_forgotten,
          fedhas_altar_1, xom_butterflies, basic_altar, uniq_prince_ribbit1,
          uniq_erolcha
D:9:      serial_shops, shop, hangedman_pestilent_swarm
D:10:     due_lair_maze_entry_diamond
D:11:     orc_0_dummy, serial_shops, shop
D:13:     lightli_vaults_fourway_checkpoint
D:14:     lab_entry_generic, infiniplex_staircase_river
D:15:     grunt_enter_depths_snipers, minmay_parallelograms, minmay_misc_feat_x,
          spider_trap, roderic_chinese_pattern_swastika
Temple:   minmay_temple_curvy_14
Lair:1:   uniq_gastronok
Lair:2:   erik_1
Lair:4:   nicolae_swamp_entry_splash_gauntlet
Lair:5:   minmay_lair_oklob_tunnel, serial_bayou_shore_b
Lair:6:   nicolae_spider_entry_non_spiders, nicolae_slime_entry_slimehenge,
          serial_bayou_shore_b, bh_autumn_forest_stairs
Lair:7:   infiniplex_staircase_pool_2, grunt_megastairs_1, lemuel_fruit_fields
Lair:8:   hangedman_lair_caniforms_friends, guppyfry_lair_end_dragon,
          grunt_megastairs_4
Swamp:1:  evilmike_swamp_ruin_house_4, uniq_josephine
Swamp:2:  evilmike_swamp_ruin_house_3, infiniplex_staircase_pool
Swamp:3:  evilmike_swamp_ruin_house_1, swamp_pool1
Swamp:4:  swamp_basic_johnstein
Spider:1: nicolae_spider_mines_2
Spider:3: spider_temple_joshua
Spider:4: grunt_spider_rune_circles, spider_trap, uniq_donald
Slime:2:  basic_altar
Orc:1:    enter_bailey_3, serial_shops, shop_statue, uniq_fannar, uniq_snorg,
          uniq_maud
Orc:2:    grunt_orc_gardens, grunt_orc_garden, grunt_orc_garden,
          grunt_orc_garden, grunt_orc_garden, uniq_nessos
Vaults:1: nicolae_vaults_diagonal_hallway_9, hangedman_vaults_corner,
          dpeg_vaults_monster_box, ontoclasm_vaults_twist,
          nicolae_vaults_little_squares_6, v_misc_32, ontoclasm_vaults_idyll,
          ontoclasm_vaults_hangar, hangedman_vaults_snaps,
          ontoclasm_vaults_spin, serial_shops, shop, serial_glass
Vaults:2: st_spiral_rooms, v_rooms_1, nicolae_vaults_ring_of_whatevers,
          minmay_crypt_entry_nasty_monster, nicolae_vaults_twisting_passages,
          nicolae_vaults_angled_halls, ontoclasm_vaults_decontamination,
          serial_ice_m, v_rooms_6, vaults_room_grid, vaults_mumra_hex,
          nicolae_vaults_border_crossing, vaults_dpeg_cross, vaults_room_fours,
          uniq_asterion
Vaults:3: nicolae_vaults_ninety_degrees, nicolae_vaults_angled_halls,
          nicolae_vaults_three_branches, hangedman_vaults_capsules,
          nicolae_vaults_alarming, vaults_room_hallway,
          hangedman_vaults_corner_blocks, ontoclasm_vaults_loading_screen,
          uniq_mennas
Bailey:   bailey_polearm_1, bailey

Skill      XL: |  1  2  3  4  5  6  7  8  9 10 11 12 13 14 15 16 17 18 19 |
---------------+----------------------------------------------------------+-----
Fighting       | 4 5 7 9 10 11 12 13 14 15 16 17 18 | 18.1
Axes           | 5 6 7 9 10 12 14 16 17 18 19 20 22 23 24 25 | 25.0
Armour         | 3 4 5 6 7 9 10 11 12 13 14 15 16 | 16.2
Evocations     | 2 4 6 7 8 |  8.0
Shields        | 3 7 9 11 13 14 15 | 15.3
Translocations | 4 |  4.7
Spellcasting   | 2 |  2.7
Dodging        | |  1.5

Action                   |  1- 3 |  4- 6 |  7- 9 | 10-12 | 13-15 | 16-18 | 19-21 || total
-------------------------+-------+-------+-------+-------+-------+-------+-------++-------
Melee: Hand axe          |    34 |    74 |   218 |       |       |       |       ||   326
       Battleaxe         |       |       |    32 |   214 |       |       |       ||   246
       War axe           |       |       |       |   339 |   296 |       |       ||   635
       Broad axe         |       |       |       |       |   620 |   848 |       ||  1468
       Executioner's axe |       |       |       |       |       |   264 |   309 ||   573
Invok: Berserk           |     3 |     4 |    11 |    15 |     7 |    22 |       ||    62
       Trog's Hand       |       |     1 |     5 |    13 |    16 |    44 |       ||    79
       Brothers in Arms  |       |       |       |     1 |     6 |     8 |       ||    15
       Burn Spellbooks   |       |       |       |       |       |     1 |       ||     1
       Curse Item        |       |       |       |       |       |     5 |       ||     5
 Abil: Evoke Flight      |       |       |       |     1 |     1 |     6 |       ||     8
       Stop Flying       |       |       |       |       |       |     1 |       ||     1
Evoke: Wand              |       |       |     5 |     3 |     2 |     6 |       ||    16
       Phial of floods   |       |       |       |     1 |       |       |       ||     1
       Deck              |       |       |       |       |     3 |     2 |       ||     5
  Use: Scroll            |       |       |     6 |     9 |    13 |    25 |     4 ||    57
       Potion            |       |       |     1 |     4 |     3 |     9 |       ||    17
 Stab: Paralysed         |       |       |     5 |       |     2 |       |       ||     7
       Distracted        |       |       |       |       |     3 |     1 |       ||     4
       Confused          |       |       |       |       |       |     1 |       ||     1
  Eat: Chunk             |       |     6 |    24 |    26 |    15 |    21 |     3 ||    95
       Fruit             |       |       |       |     4 |       |     6 |       ||    10
       Pizza             |       |       |       |     3 |       |     1 |       ||     4
       Beef jerky        |       |       |       |     1 |     6 |     3 |       ||    10
       Royal jelly       |       |       |       |     1 |       |     9 |       ||    10
       Meat ration       |       |       |       |       |       |     2 |       ||     2
